Map: Ascension to Aiur LE

Players

PtitDrogo - Winner!

  • Race: Protoss Protoss
  • Spawn Location: 5:00

Neeb

  • Race: Protoss Protoss
  • Spawn Location: 11:00

Event: WCS Jonkoping 2017

VOD

Have the link to the VOD?

Description

Time

  • Played on: June 17, 2017, 2:44 p.m.
  • Length: 8:32

All games in this series

Show
View Real Time Build Order
Export as new Build Order

PtitDrogo Protoss - Winner!

Build Orders:  

Get SALT Encoding   

  12  0:01  Probe (Chrono Boost)  
  13  0:11  Probe (Chrono Boost)  
  14  0:18  Pylon  
  14  0:22  Probe (Chrono Boost)  
  15  0:36  Probe (Chrono Boost), Gateway  
  15  0:41  Assimilator  
  16  0:46  Probe (Chrono Boost)  
  17  0:56  Assimilator  
  17  0:57  Probe (Chrono Boost)  
  18  1:08  Probe (Chrono Boost), Gateway  
  19  1:18  Probe (Chrono Boost)  
  20  1:23  Cybernetics Core  
  20  1:29  Probe (Chrono Boost)  
  20  1:31  Pylon  
  21  1:39  Probe (Chrono Boost)  
  22  1:50  Probe (Chrono Boost)  
  23  1:59  Stalker  
  23  2:01  Mothership Core (Chrono Boost)  
  27  2:04  Stalker  
  27  2:07  Warp Gate (Chrono Boost)  
  29  2:16  Pylon  
  29  2:25  Probe (Chrono Boost)  
  30  2:34  Stalker  
  30  2:36  Stalker  
  34  2:38  Probe  
  35  3:02  Nexus  
  35  3:08  Probe  
  36  3:21  Pylon, Probe  
  36  3:26  Sentry  
  39  3:31  Robotics Facility  
  39  3:39  Probe (Chrono Boost)  
  40  3:51  Probe (Chrono Boost)  
  41  4:01  Probe (Chrono Boost)  
  42  4:05  Sentry  
  44  4:11  Stalker  
  44  4:12  Probe (Chrono Boost)  
  44  4:16  Probe (Chrono Boost)  
  48  4:20  Observer  
  48  4:22  Probe (Chrono Boost)  
  48  4:23  Twilight Council  
  50  4:26  Probe (Chrono Boost)  
  51  4:33  Probe (Chrono Boost)  
  51  4:37  Probe (Chrono Boost)  
  53  4:39  Pylon  
  53  4:42  Immortal  
  53  4:43  Probe (Chrono Boost)  
  58  4:47  Forge, Probe (Chrono Boost)  
  59  4:54  Probe (Chrono Boost)  
  59  4:55  Stalker  
  59  4:58  Probe (Chrono Boost)  
  63  5:04  Probe (Chrono Boost)  
  64  5:08  Probe (Chrono Boost)  
  64  5:15  Probe (Chrono Boost)  
  64  5:18  Blink  
  64  5:20  Protoss Ground Weapons Level 1 (Chrono Boost)  
  65  5:21  Probe  
  65  5:23  Assimilator  
  65  5:24  Assimilator  
  65  5:26  Probe  
  67  5:31  Gateway  
  67  5:33  Gateway  
  67  5:36  Pylon  
  67  5:41  Probe  
  68  5:49  Immortal  
  68  5:54  Gateway  
  72  5:57  Pylon, Gateway  
  72  6:06  Sentry x2  
  72  6:10  Nexus  
  76  6:14  Pylon  
  76  6:25  Warp Prism  
  76  6:32  Sentry  
  80  6:33  Adept x2  
  80  6:35  Stalker  
  80  6:38  Pylon  
  84  6:55  Stalker  
  84  6:56  Stalker x4  
  84  7:00  Stalker  
  96  7:06  Immortal  
  84  7:32  Stalker x5  
  84  7:35  Stalker  
  94  7:55  Stalker x2  
  94  7:56  Stalker x3  
  99  8:06  Stalker  
Show
View Real Time Build Order
Export as new Build Order

Neeb Protoss 

Build Orders: Blink Stalkers 

Get SALT Encoding   

  12  0:00  Probe (Chrono Boost)  
  13  0:11  Probe (Chrono Boost)  
  14  0:18  Pylon  
  14  0:22  Probe (Chrono Boost)  
  15  0:36  Probe (Chrono Boost), Gateway  
  16  0:43  Assimilator  
  16  0:47  Probe (Chrono Boost)  
  17  0:51  Assimilator  
  17  0:57  Probe (Chrono Boost)  
  18  1:06  Gateway  
  18  1:08  Probe (Chrono Boost)  
  19  1:19  Probe (Chrono Boost)  
  19  1:23  Cybernetics Core  
  20  1:29  Probe (Chrono Boost)  
  20  1:32  Pylon  
  22  1:40  Probe (Chrono Boost)  
  22  1:50  Probe (Chrono Boost)  
  23  1:59  Warp Gate (Chrono Boost)  
  25  2:01  Mothership Core (Chrono Boost)  
  25  2:02  Adept  
  25  2:03  Adept  
  29  2:09  Pylon  
  29  2:19  Probe (Chrono Boost)  
  29  2:31  Probe  
  29  2:33  Stalker x2  
  34  2:58  Nexus  
  34  3:00  Probe  
  35  3:12  Probe  
  36  3:16  Twilight Council  
  36  3:24  Probe, Pylon  
  37  3:36  Probe, Pylon  
  38  3:49  Probe  
  38  3:53  Blink (Chrono Boost), Sentry  
  38  3:54  Sentry  
  43  4:01  Probe  
  44  4:05  Robotics Facility  
  44  4:13  Probe  
  44  4:16  Probe  
  46  4:25  Probe  
  46  4:26  Stalker  
  46  4:27  Probe  
  50  4:33  Stalker  
  50  4:37  Probe x2  
  53  4:42  Pylon  
  54  4:48  Probe  
  54  4:49  Probe  
  54  4:52  Warp Prism (Chrono Boost)  
  56  4:58  Probe  
  58  5:01  Robotics Bay, Probe  
  60  5:09  Probe  
  60  5:13  Probe  
  60  5:18  Assimilator  
  60  5:19  Probe, Assimilator  
  59  5:25  Probe  
  59  5:27  Observer (Chrono Boost)  
  61  5:30  Probe  
  61  5:31  Gateway x2  
  62  5:37  Stalker, Probe  
  62  5:40  Probe  
  62  5:42  Pylon  
  66  5:49  Disruptor (Chrono Boost)  
  70  5:52  Gateway  
  70  5:55  Gateway  
  69  5:57  Gateway  
  69  6:10  Sentry, Stalker  
  73  6:12  Pylon  
  73  6:20  Disruptor (Chrono Boost)  
  73  6:25  Nexus  
  76  6:30  Stalker  
  76  6:32  Stalker  
  80  6:42  Pylon x2  
  80  6:44  Pylon  
  80  7:04  Stalker x5  
  88  7:40  Stalker x7  
  92  8:09  Stalker x7  
  97  8:18  Probe  
Tags
 
Add a new tag
Caveats
  • Supply blocks, unpowered buildings, or Contaminate may cause inaccurate times.
  • Supply counts are checked every 10 seconds.